 Dungeon Crawl Stone Soup version 0.31-a0-971-g75a2e9a4b4 (webtiles) character file.

Game seed: 1453097845833403452

16 Sabo the Ducker (level 2, 0/22 HPs)
             Began as a Demonspawn Gladiator on Oct 28, 2023.
             Slain by a hobgoblin (3 damage)
             ... led by Robin
             ... on level 2 of the Dungeon.
             The game lasted 00:03:00 (616 turns).

Sabo the Ducker (Demonspawn Gladiator)               Turns: 616, Time: 00:03:01

Health: 0/22       AC:  4    Str: 20    XL:     2   Next: 41%
Magic:  2/2        EV: 12    Int:  9    God:
Gold:   80         SH:  0    Dex: 14    Spells: 1/1 levels left

rFire   . . .        a - +0 war axe
rCold   . . .        (no shield)
rNeg    . . .        b - +0 leather armour
rPois   .            c - +0 helmet
rElec   .            (no cloak)
rCorr   .            (no gloves)
SInv    .            (no boots)
Will    .....        (no amulet)
Stlth   +            g - +6 ring of strength
HPRegen 0.23/turn    (no ring)
MPRegen 0.08/turn

%: no passive effects
@: no status effects
A: hooves 1
a: no special abilities


You were on level 2 of the Dungeon.
You visited 1 branch of the dungeon, and saw 2 of its levels.

You collected 80 gold pieces.

Inventory:

Hand Weapons
 a - a +0 war axe (weapon)
 h - a +0 sling
Missiles
 d - 3 throwing nets (quivered)
 e - a javelin
Armour
 b - a +0 leather armour (worn)
 c - a +0 helmet (worn)
Jewellery
 g - a +6 ring of strength (left hand)
Scrolls
 f - 2 scrolls of identify {unknown}


   Skills:
 + Level 2.0 Fighting
 + Level 3.0 Axes
 + Level 1.9 Throwing
 + Level 3.1 Dodging


You had one spell level left.
You didn't know any spells.
Your spell library contained the following spells:

 Spells                   Type           Power      Damage    Failure   Level
 Scorch                   Fire           0%         2d5       58%         2
 Flame Wave               Conj/Fire      0%         2d4       99%         4
 Summon Cactus Giant      Summ           0%         N/A       100%        6
 Haunt                    Necr/Summ      0%         N/A       100%        7
 Borgnjor's Revivificati  Necr           0%         N/A       100%        8
 Death's Door             Necr           0%         N/A       100%        9


Dungeon Overview and Level Annotations

Branches:
Dungeon (2/15)

Altars:

Annotations:
D:2 Robin


Innate Abilities, Weirdness & Mutations

You have large cloven feet.


Message History

An adder comes into view.
The goblin hits you with a +0 club.
You closely miss the hobgoblin.
The hobgoblin is heavily wounded.
You closely miss the goblin.
The adder hisses angrily.
You hit the goblin. You hit the goblin but do no damage. You hit the goblin.
The goblin closely misses you. The goblin hits you with a +0 dagger.
The goblin misses you. x2; The hobgoblin misses you.
The hobgoblin closely misses you. The goblin barely misses you.
The goblin closely misses you. The goblin hits you but does no damage.
The goblin hits you with a +0 dagger.
You closely miss the goblin. Your kick misses the goblin.
You closely miss the goblin. You barely miss the hobgoblin.
You closely miss the goblin. You slash the goblin!
You kill the goblin!
Robin roars a battlecry!
The goblins go into a battle-frenzy!
The goblin hits you but does no damage.
A rat comes into view.
The goblin hits you but does no damage. The hobgoblin hits you.
You closely miss the goblin. You slash the goblin!
You kill the goblin!
You closely miss the goblin. You barely miss the hobgoblin. You hit the goblin.
You kill the goblin!
The goblin hits you with a +0 club. The hobgoblin closely misses you.
The goblin closely misses you.
Your Axes skill increases to level 3!
You slash the goblin!
You kill the goblin!
You barely miss the hobgoblin. You completely miss the goblin.
You slash the goblin!
You kill the goblin!
Robin throws the goblin at you! The hobgoblin closely misses you.
The goblin hits you with a +0 club.
* * * LOW HITPOINT WARNING * * *
The goblin hits you but does no damage. The hobgoblin hits you.
* * * LOW HITPOINT WARNING * * *
The hobgoblin hits you.
You die...

########'#+#.
#<.Sg@gg.....
#...gglg.....
#.....g......
#........?...
#....r.......
......###.####
.......+ .#
.......# ##


You could see Robin, an adder, 4 hobgoblins, 2 goblins, a frilled lizard and a
rat.

Vanquished Creatures
  A ball python (D:1)
  2 bats (D:1)
  An endoplasm (D:1)
  A giant cockroach (D:1)
  8 goblins
  2 frilled lizards (D:1)
  A kobold (D:1)
16 creatures vanquished.

Notes
Turn   | Place    | Note
-------+----------+-------------------------------------------
     0 | D:1      | Sabo the Demonspawn Gladiator began the quest for the Orb.
     0 | D:1      | Reached XP level 1. HP: 16/16 MP: 1/1
   180 | D:1      | Gained mutation: You have large cloven feet. [demonic
                  | ancestry]
   180 | D:1      | Reached XP level 2. HP: 21/22 MP: 2/2
   608 | D:2      | Noticed Robin
   616 | D:2      | Slain by a hobgoblin

Illustrated notes

Levels and vault maps discovered:
D:1:      dpeg_arrival_rhombus, layout_rooms, chequers_serial_rivers_room_a
D:2:      layout_basic, basic_altar, minmay_tetromino_l2, uniq_robin

Skill      XL: |  1  2 |
---------------+-------+-----
Dodging        | 3 |  3.1
Axes           | 3 |  3.0
Fighting       | |  2.0
Throwing       | |  1.9

Action                     || total
---------------------------++-------
  Melee: War axe           ||    43
         Kick              ||     2
 Armour: Leather armour    ||    48
  Dodge: Dodged            ||    41

Table legend: (Time is in decaauts)
 A = Elapsed time spent in this place.
 B = Non-inter-level travel time spent in this place.
 C = Inter-level travel time spent in this place.
 D = Time resting spent in this place.
 E = Time spent auto-exploring this place.
 F = Levels seen in this place.
 G = Mean time per level.
                   A        B        C        D        E       F      G
               +--------+--------+--------+--------+--------+-----+--------+
         Total |    630 |    630 |      0 |      9 |      0 |   2 |  315.0 |
       Dungeon |    630 |    630 |      0 |      9 |      0 |   2 |  315.0 |
               +--------+--------+--------+--------+--------+-----+--------+

Top non-repeatable levels by time:
     D:1: 619 daAuts
     D:2: 11 daAuts
